 Dungeon Crawl Stone Soup version 0.23.2-40-g277498a (webtiles) character file.

Game seed: 16406797179377085431

1028 nickv11 the Spear-Bearer (level 8, 0/71 HPs)
             Began as a Minotaur Berserker on Aug 17, 2019.
             Was an Elder of Trog.
             Slain by an ice beast (1 damage)
             ... on level 4 of the Dungeon.
             The game lasted 00:12:39 (3428 turns).

nickv11 the Spear-Bearer (Minotaur Berserker)       Turns: 3428, Time: 00:12:40

Health: 0/71       AC:  2    Str: 23    XL:     8   Next: 3%
Magic:  7/7        EV: 13    Int:  4    God:    Trog [****..]
Gold:   203        SH:  0    Dex: 11    Spells: 7/7 levels left

rFire    . . .     SeeInvis .   z - +0 falchion (protect)
rCold    . . .     Gourm    .   (no shield)
rNeg     . . .     Faith    .   b - +0 animal skin
rPois    .         Spirit   .   (helmet restricted)
rElec    .         Reflect  .   (no cloak)
rCorr    .         Harm     .   (no gloves)
MR       +....                  (no boots)
Stlth    +.........             (no amulet)
HPRegen  0.21/turn              (no ring)
MPRegen  0.10/turn              (no ring)

@: no status effects
A: retaliatory headbutt, hooves 1, horns 2, magic resistance 1
a: Berserk, Trog's Hand, Brothers in Arms, Renounce Religion


You were on level 4 of the Dungeon.
You worshipped Trog.
Trog was greatly pleased with you.
You were not hungry.

You visited 1 branch of the dungeon, and saw 5 of its levels.

You collected 203 gold pieces.

Inventory:

Hand Weapons
 a - a +1 spear
 v - the +6 hand axe of Zig Gusu {chop, Dex+5, unknown}
   (You found it on level 4 of the Dungeon)

   It inflicts extra damage upon your enemies.
   It affects your dexterity (+5).
 z - a +0 falchion of protection (weapon)
Armour
 b - a +0 animal skin (worn)
 r - a +0 scale mail
 y - a +0 leather armour
Wands
 x - a wand of clouds (4)
Scrolls
 g - 3 scrolls of teleportation
 i - 4 scrolls of remove curse
 k - a scroll of blinking {unknown}
 n - 2 scrolls of enchant armour
 o - 2 scrolls of random uselessness
 w - a scroll of enchant weapon
Potions
 d - a potion of brilliance {unknown}
 e - 2 potions of flight
 f - a potion of might {unknown}
 h - a potion of degeneration {unknown}
 j - a potion of experience {unknown}
 l - a potion of mutation
 m - a potion of magic {unknown}
 p - a potion of haste {unknown}
 q - a potion of lignification
 s - 2 potions of heal wounds {unknown}
 t - 2 potions of ambrosia {unknown}
 u - 2 potions of cancellation {unknown}
Comestibles
 c - 8 rations


   Skills:
 + Level 6.9 Fighting
 - Level 9.2 Polearms
 - Level 2.5 Armour
 + Level 4.3 Dodging


You had 7 spell levels left.
You didn't know any spells.
Your spell library was empty.

Dungeon Overview and Level Annotations

Branches:
Dungeon (5/15)
 Temple: D:4-7

Altars:
Vehumet


Innate Abilities, Weirdness & Mutations

You reflexively headbutt those who attack you in melee.
You have a pair of horns on your head.
You have large cloven feet.
You are resistant to hostile enchantments. (MR+)


Message History

The ice beast freezes you!
You are too injured to fight recklessly!
You are too injured to fight recklessly!
You are too injured to fight recklessly!
The ice beast hits you. The ice beast freezes you. The ice beast misses you.
There is a stone staircase leading up here.
The ice beast misses you. You furiously retaliate!
You headbutt the ice beast!
You climb upwards.
There is a stone staircase leading down here.
The ice beast hits you. The ice beast freezes you!
* * * LOW HITPOINT WARNING * * *
The ice beast hits you but does no damage.
The ice beast hits you.
* * * LOW HITPOINT WARNING * * *
The ice beast freezes you!
* * * LOW HITPOINT WARNING * * *
There is an escape hatch in the floor here.
The ice beast hits you.
You die...

#.# #.#..#..............<# #.#
#.##.#......####.....# #.#
#####......###### #.....#
..####.....##.....## ##....#
...................## ####....#
...>................# #.....).#
....................# #.##....#
....................# #.##....#
...#...........Y@...# #.#######
................<...# #.#
...#................# #.#
#..................## #.#
#..........##.....## #.#
...(..............# #.#
#.........###....)# #.#
#.........###.....#####.#
#...............(.......########


You could see an ice beast.

Vanquished Creatures
  Eustachio (D:5)
  A phantom (D:4)
  An ogre (D:4)
  A sky beast (D:5)
  A bullfrog (D:4)
  A water moccasin skeleton (D:5)
  A crimson imp (D:5)
  A hound (D:4)
  A centaur zombie (D:5)
  2 orc wizards (D:4)
  An orc priest (D:4)
  An iguana (D:4)
  Ijyb (D:5)
  2 worker ants
  4 gnolls (D:4)
  4 adders
  A shadow imp (D:5)
  An ooze (D:3)
  An adder skeleton (D:5)
  4 worms
  A dart slug (D:2)
  5 leopard geckos
  15 orcs
  5 giant cockroaches
  15 hobgoblins
  3 jackals (D:3)
  2 quokkas (D:4)
  4 ball pythons
  10 bats
  3 frilled lizards
  A giant cockroach zombie (D:5)
  11 goblins
  7 kobolds
  2 leopard gecko zombies (D:5)
  6 rats
121 creatures vanquished.

Vanquished Creatures (others)
  A hound (D:4)
  An orc (D:4)
2 creatures vanquished.

Grand Total: 123 creatures vanquished

Notes
Turn   | Place    | Note
-------+----------+-------------------------------------------
     0 | D:1      | nickv11 the Minotaur Berserker began the quest for the Orb.
     0 | D:1      | Reached XP level 1. HP: 19/19 MP: 0/0
   239 | D:1      | Reached XP level 2. HP: 23/27 MP: 1/1
   265 | D:1      | Reached skill level 4 in Polearms
   636 | D:2      | Reached ** piety under Trog
   713 | D:2      | Reached XP level 3. HP: 34/34 MP: 2/2
  1183 | D:3      | Reached XP level 4. HP: 38/41 MP: 3/3
  1382 | D:3      | Reached skill level 5 in Polearms
  1607 | D:3      | Gained mutation: You have large cloven feet. [potion of
                  | mutation]
  1607 | D:3      | Gained mutation: You are resistant to hostile enchantments.
                  | (MR+) [potion of mutation]
  1770 | D:4      | Found a radiant altar of Vehumet.
  1770 | D:4      | Noticed an ogre
  1777 | D:4      | Killed an ogre
  1777 | D:4      | Reached skill level 5 in Fighting
  1777 | D:4      | Reached skill level 6 in Polearms
  1777 | D:4      | Reached XP level 5. HP: 48/48 MP: 4/4
  1856 | D:4      | Reached XP level 6. HP: 46/56 MP: 5/5
  1880 | D:4      | Reached *** piety under Trog
  1880 | D:4      | Reached skill level 7 in Polearms
  2133 | D:4      | Reached XP level 7. HP: 36/62 MP: 6/6
  2610 | D:4      | Got an encrusted hand axe
  2743 | D:5      | Entered Level 5 of the Dungeon
  2763 | D:5      | Reached skill level 8 in Polearms
  2883 | D:5      | Reached **** piety under Trog
  2947 | D:5      | Noticed Eustachio
  2971 | D:5      | Killed Eustachio
  3002 | D:5      | Reached skill level 9 in Polearms
  3002 | D:5      | Reached XP level 8. HP: 15/71 MP: 7/7
  3227 | D:5      | Noticed Ijyb
  3238 | D:5      | Killed Ijyb
  3425 | D:4      | HP: 1/71 [ice beast (11)]
  3428 | D:4      | Slain by an ice beast

Skill      XL: |  1  2  3  4  5  6  7 |
---------------+----------------------+-----
Fighting       | 4 5 6 |  6.9
Polearms       | 4 6 7 9 |  9.2
Dodging        | 3 4 |  4.3
Armour         | |  2.5

Action                   |  1- 3 |  4- 6 |  7- 9 || total
-------------------------+-------+-------+-------++-------
Melee: Spear             |    97 |    92 |   143 ||   332
       Headbutt          |    10 |    11 |    30 ||    51
       Kick              |       |    11 |    40 ||    51
       Falchion          |       |       |     2 ||     2
Invok: Berserk           |       |     1 |       ||     1
  Use: Scroll            |       |     8 |       ||     8
       Potion            |       |     1 |       ||     1
 Stab: Sleeping          |     4 |     1 |       ||     5
       Distracted        |     1 |       |       ||     1
  Eat: Chunk             |       |     2 |     2 ||     4
       Ration            |       |     1 |     1 ||     2
Armor: Animal skin       |    17 |     7 |     5 ||    29
Dodge: Dodged            |    27 |    43 |    38 ||   108
